 Dungeon Crawl Stone Soup version 0.26-a0-952-g76694b35de (webtiles) character file.

Game seed: 10866847932627306526

594001 marklar909 the Wrestler (level 26, -4/262 HPs)
             Began as a Troll Delver on Nov 30, 2020.
             Was the Champion of Qazlal.
             Killed from afar by a white draconian (38 damage)
             ... with a chilling breath
             ... on level 1 of the Realm of Zot.
             The game lasted 02:17:52 (65136 turns).

marklar909 the Wrestler (Troll Delver)             Turns: 65136, Time: 02:17:53

Health: -4/262     AC: 29    Str: 27    XL:     26   Next: 29%
Magic:  22/33      EV: 21    Int:  6    God:    Qazlal [******]
Gold:   8457       SH: 34    Dex: 27    Spells: 16/29 levels left

rFire    + . .     SeeInvis +     - Unarmed
rCold    . . .     Faith    .   m - +5 kite shield {AC+3}
rNeg     + + +     Spirit   .   R - +2 fire dragon scales "Tuasym" {rF++ rC- MR+ rCorr Slay+4 SInv}
rPois    .         Reflect  +   F - +2 hat {SInv}
rElec    .         Harm     .   s - +2 cloak
rCorr    +         Rampage  .   (gloves unavailable)
MR       +++..                  (boots unavailable)
Stlth    ..........             x - amulet "Mimoleec" {Reflect Fragile rN+++ Dex+8 SH+5 Stlth-}
HPRegen  0.93/turn              U - ring of protection from magic
MPRegen  0.23/turn              D - ring of ice

@: about to teleport, protected from physical damage, studying Armour, repel
missiles
A: large, unfitting armour, claws 3, regeneration 1, shaggy fur 1, tough skin 3
}: 3/15 runes: serpentine, barnacled, silver
a: Upheaval, Elemental Force, Disaster Area, Renounce Religion


You were on level 1 of the Realm of Zot.
You worshipped Qazlal.
Qazlal was exalted by your worship.
You visited 11 branches of the dungeon, and saw 49 of its levels.
You visited 1 bazaar.
You also visited: Bailey and Ice Cave.

You collected 9113 gold pieces.
You spent 656 gold pieces at shops.

Inventory:

Missiles
 k - 42 javelins
 J - 143 large rocks
 T - 61 silver javelins (quivered)
Armour
 m - a +5 kite shield of protection (worn)
 s - a +2 cloak (worn)
 F - a +2 hat of see invisible (worn)
 R - the +2 fire dragon scales "Tuasym" (worn) {rF++ rC- MR+ rCorr Slay+4 SInv}
   (You took it off a deep elf high priest on level 3 of the Elven Halls)

   It affects your accuracy and damage with ranged weapons and melee attacks
   (+4).
   It greatly protects you from fire.
   It makes you vulnerable to cold.
   It affects your resistance to hostile enchantments.
   It lets you see invisible.
   It provides partial protection from all sources of acid and corrosion.
Jewellery
 x - the amulet "Mimoleec" (around neck) {Reflect Fragile rN+++ Dex+8 SH+5 Stlth-}
   (You took it off a skeletal warrior on level 3 of the Crypt)

   [amulet of reflection]

   It shields you and reflects attacks.
   It affects your dexterity (+8).
   It renders you almost immune to negative energy.
   It will be destroyed if unequipped.
   It affects your SH (+5).
   It makes you less stealthy.
 D - a ring of ice (right claw)
 U - a ring of protection from magic (left claw)
Wands
 f - a wand of digging (20)
 t - a wand of acid (27)
Scrolls
 b - 11 scrolls of fog
 c - 15 scrolls of magic mapping
 d - a scroll of fear
 g - 10 scrolls of amnesia
 h - 3 scrolls of immolation
 j - 21 scrolls of teleportation
 n - 19 scrolls of remove curse
 A - 17 scrolls of identify
 C - 3 scrolls of silence
 N - a scroll of holy word
 Z - a scroll of blinking
Potions
 a - 3 potions of heal wounds
 e - 4 potions of haste
 i - 11 potions of curing
 l - 4 potions of cancellation
 p - 17 potions of flight
 u - 7 potions of mutation
 z - 7 potions of brilliance
 E - 6 potions of invisibility
 G - 3 potions of lignification
 Q - 4 potions of ambrosia
 S - 5 potions of magic
 V - a potion of might
Books
 P - a manual of Armour
Miscellaneous
 q - a condenser vane


   Skills:
 * Level 15.4 Fighting
 * Level 17.6 Throwing
 + Level 11.2 Armour
 + Level 14.5 Dodging
 - Level 2.8 Stealth
 + Level 17.2 Shields
 + Level 21.5 Unarmed Combat
 + Level 2.2 Spellcasting
 + Level 4.3 Transmutations
 + Level 4.6 Earth Magic
 * Level 15.6 Invocations
 + Level 1.4 Evocations


You had 16 spell levels left.
You knew the following spells:

 Your Spells              Type           Power        Failure   Level
a - Statue Form           Tmut/Erth      #........    100%        6
b - Dragon Form           Tmut           #.........   100%        7

Your spell library contained the following spells:

 Spells                   Type           Power        Failure   Level
 Sandblast                Erth           #.....       13%         1
 Beastly Appendage        Tmut           #.....       14%         1
 Passwall                 Tmut/Erth      #.......     21%         2
 Wereblood                Tmut           #.......     22%         2
 Sting                    Tmut/Pois      #...         34%         1
 Animate Skeleton         Necr           #.....       65%         1
 Apportation              Tloc           #.....       65%         1
 Corona                   Hex            #......      65%         1
 Foxfire                  Conj/Fire      #...         65%         1
 Freeze                   Ice            #...         65%         1
 Magic Dart               Conj           #...         65%         1
 Pain                     Necr           #...         65%         1
 Shock                    Conj/Air       #...         65%         1
 Summon Small Mammal      Summ           #...         65%         1
 Stone Arrow              Conj/Erth      #.....       69%         3
 Spider Form              Tmut/Pois      #.........   71%         3
 Blink                    Tloc           N/A          78%         2
 Call Imp                 Summ           #.......     78%         2
 Ensorcelled Hibernation  Hex/Ice        #.....       78%         2
 Poisonous Vapours        Pois/Air       #.....       78%         2
 Searing Ray              Conj           #.....       78%         2
 Slow                     Hex            #.......     78%         2
 Sublimation of Blood     Necr           #.........   78%         2
 Swiftness                Air            #.......     78%         2
 Ignite Poison            Fire/Tmut/Pois #.......     80%         3
 Petrify                  Tmut/Erth      #.......     80%         4
 Call Canine Familiar     Summ           #.......     95%         3
 Confusing Touch          Hex            #.......     95%         3
 Conjure Flame            Conj/Fire      #.......     95%         3
 Dazzling Flash           Conj/Hex       #.....       95%         3
 Frozen Ramparts          Ice            #.....       95%         3
 Gell's Gravitas          Tloc           #.........   95%         3
 Inner Flame              Hex/Fire       #.......     95%         3
 Mephitic Cloud           Conj/Pois/Air  #.......     95%         3
 Ozocubu's Armour         Ice            #.......     95%         3
 Portal Projectile        Hex/Tloc       #.....       95%         3
 Static Discharge         Conj/Air       #.......     95%         3
 Summon Guardian Golem    Hex/Summ       #.......     95%         3
 Tukima's Dance           Hex            #.......     95%         3
 Vampiric Draining        Necr           #.........   95%         3
 Leda's Liquefaction      Hex/Erth       #.........   97%         4
 Ice Form                 Ice/Tmut       #.......     98%         4
 Lee's Rapid Deconstruct  Erth           #.........   98%         5
 Blade Hands              Tmut           #.........   99%         5
 Airstrike                Air            #.........   100%        4
 Animate Dead             Necr           #.........   100%        4
 Cause Fear               Hex            #.........   100%        4
 Fulminant Prism          Conj/Hex       #.........   100%        4
 Hailstorm                Conj/Ice       #.......     100%        4
 Iskenderun's Mystic Bla  Conj/Tloc      #.......     100%        4
 Olgreb's Toxic Radiance  Pois           #.......     100%        4
 Passage of Golubria      Tloc           N/A          100%        4
 Sticky Flame             Conj/Fire      #.......     100%        4
 Summon Ice Beast         Ice/Summ       #.......     100%        4
 Summon Lightning Spire   Summ/Air       #.......     100%        4
 Agony                    Necr           #.......     100%        5
 Alistair's Intoxication  Tmut/Pois      #........    100%        5
 Bolt of Magma            Conj/Fire/Erth #.........   100%        5
 Fireball                 Conj/Fire      #.........   100%        5
 Irradiate                Conj/Tmut      #.........   100%        5
 Iskenderun's Battlesphe  Conj           #.......     100%        5
 Lightning Bolt           Conj/Air       #.........   100%        5
 Metabolic Englaciation   Hex/Ice        #.........   100%        5
 Silence                  Hex/Air        #.........   100%        5
 Yara's Violent Unravell  Hex/Tmut       #.........   100%        5
 Conjure Ball Lightning   Conj/Air       #.........   100%        6
 Dispersal                Tloc           #.........   100%        6
 Eringya's Noxious Bog    Tmut/Pois      #.........   100%        6
 Hydra Form               Tmut           #.........   100%        6
 Invisibility             Hex            #.......     100%        6
 Iron Shot                Conj/Erth      #.........   100%        6
 Starburst                Conj/Fire      #.........   100%        6
 Malign Gateway           Summ/Tloc      #.........   100%        7
 Monstrous Menagerie      Summ           #.........   100%        7
 Orb of Destruction       Conj           #.........   100%        7
 Spellforged Servitor     Conj/Summ      #.........   100%        7
 Summon Greater Demon     Summ           #.........   100%        7
 Discord                  Hex            #.........   100%        8
 Disjunction              Tloc           #.........   100%        8
 Ignition                 Fire           #.........   100%        8
 Summon Horrible Things   Summ           #.........   100%        8
 Shatter                  Erth           #.........   100%        9
 Tornado                  Air            #.........   100%        9


Dungeon Overview and Level Annotations

Branches:
Dungeon (15/15)            Temple (1/1) D:7            Lair (6/6) D:9
 Shoals (4/4) Lair:4        Snake (4/4) Lair:4        Slime (0/5) Lair:6
    Orc (2/2) D:11            Elf (3/3) Orc:2        Vaults (5/5) D:13
  Crypt (3/3) Vaults:3       Tomb (0/3) Crypt:3      Depths (5/5) D:15
    Zot (1/5) Depths:5     Bailey (visited)           IceCv (visited)

Altars:
Ashenzari
Cheibriados
Dithmenos
Elyvilon
Fedhas
Gozag
Hepliaklqana
Kikubaaqudgha
Makhleb
Nemelex Xobeh
Okawaru
Qazlal
Ru
Sif Muna
Trog
Uskayaw
Vehumet
Wu Jian
Xom
Yredelemnul
Zin
The Shining One
Jiyva

Shops:
D:4 :   D:5 *   D:9 :   D:14 [   Orc:2 [*}!   Shoals:4 (}(   Snake:1 [
Snake:2 *[!}   Vaults:1 :   Depths:1 (?

Portals:
Hell: Depths:1 Depths:2 Depths:3 Depths:4 Depths:5
Abyss: Depths:1 Depths:3 Depths:4 Depths:5
Pandemonium: Orc:2 Depths:2 Depths:3 Depths:5
Ziggurat: Depths:2

Annotations:
Lair:2 exclusion: oklob plant
Lair:5 exclusion: 2 oklob plants
Depths:2 2 transporters, exclusion: obsidian statue, Saint Roka


Innate Abilities, Weirdness & Mutations

You are too large for most types of armour.
You have claws for hands.
Your natural rate of healing is unusually fast.
You are covered in fur. (AC +1)
You have extremely tough skin. (AC +3)


Message History

The green draconian hits you but does no damage.
The green draconian misses you.
You eviscerate the moth of wrath!!!
You kill the moth of wrath!
Qazlal accepts your kill.
You block the green draconian's attack. x2
Unknown command.
The green draconian rages.
The green draconian closely misses you. You block the green draconian's attack.
The black draconian scorcher looks more healthy.
The black draconian scorcher gestures at you while chanting.
The sphere of damnation explodes!
The damnation engulfs you!!
* * * LOW HITPOINT WARNING * * *
The damnation engulfs the green draconian!!
The green draconian dies!
The damnation engulfs the black draconian scorcher!!
You block the black draconian scorcher's attack.
The white draconian breathes frost at you.
The chilling breath hits you!!!
You die...

....#####.)....#
.....y[........##
......d†)?...d.qd
...##...#.#.######
. #...#)#.#
#...#)#.#
#...#)#.#########
#...#†#qd○.......
#####qd.§@☼......
##########...


You could see a green draconian (slow), a white draconian (catching breath), a
purple draconian shifter and a black draconian scorcher.

Vanquished Creatures
  3 ancient liches (Crypt:3)
  Mara (Snake:3)
  Mennas (Crypt:3)
  Sojobo (Depths:2)
  Bai Suzhen (Depths:2)
  A golden dragon (Vaults:5)
  Nikola (Shoals:1)
  Jory (Crypt:3)
  A bone dragon (Crypt:3)
  the Enchantress (Depths:2)
  6 liches
  Rupert (D:13)
  3 quicksilver dragons
  7 tentacled monstrosities
  2 deep elf blademasters (Elf:3)
  4 titans
  6 ancient champions
  2 deep elf master archers (Elf:3)
  Polyphemus (Shoals:2)
  Gastronok (D:9)
  The ghost of ThatOtherGuy53 the Executioner, an adept HOMo of Beogh (Snake:4)
  A storm dragon (shapeshifter) (Vaults:5)
  4 sphinxes
  11 tengu reavers
  3 shadow dragons
  4 storm dragons
  A draconian monk (Zot:1)
  Donald (Shoals:1)
  13 fire giants
  Roxanne (Snake:4)
  10 nagarajas
  Ilsuiw (Shoals:4)
  6 deep elf sorcerers
  12 frost giants
  An iron dragon (Depths:5)
  3 draconian knights
  An orc warlord (Elf:2)
  A juggernaut zombie (Depths:2)
  15 vault wardens
  2 curse skulls
  9 ghouls
  2 angels (Elf:2)
  12 ironheart preservers
  4 deep elf elementalists (Elf:3)
  3 draconian stormcallers (Depths:5)
  8 war gargoyles
  26 stone giants
  5 vampire knights
  5 entropy weavers
  14 very ugly things
  3 spriggan defenders (Depths:2)
  4 green draconians
  12 deep elf demonologists
  11 spark wasps
  3 red draconians
  A white draconian (Depths:5)
  10 deep elf annihilators
  A yellow draconian (Zot:1)
  2 dire elephants (Depths:4)
  3 purple draconians
  Azrael (Elf:2)
  3 eidola
  17 ettins
  13 deep elf death magi
  A blizzard demon (Depths:5)
  13 merfolk impalers
  9 merfolk javelineers
  5 deep elf high priests
  8 jiangshi
  13 fire dragons
  A green death (Depths:3)
  Erolcha (D:9)
  13 naga warriors
  3 great orbs of eyes
  9 hydras
  41 vault guards
  16 yaktaur captains
  10 ice dragons
  3 rakshasas
  9 boulder beetles
  4 catoblepae
  4 merfolk avatars
  7 anacondas
  3 spriggan air magi
  11 merfolk aquamancers
  3 death knights
  7 centaur warriors
  11 ogre magi
  2 alligator snapping turtles (Shoals:4)
  7 deep troll earth magi
  11 deep troll shamans
  A satyr (Shoals:2)
  26 two-headed ogres
  35 dancing weapons
  A queen ant (Lair:6)
  21 death yaks
  4 tengu warriors
  9 vampire magi
  A spriggan berserker (Depths:2)
  8 orc high priests
  15 naga sharpshooters
  A sun demon (Depths:2)
  3 small abominations
  6 shock serpents
  A soul eater (Orc:2)
  Nergalle (Orc:1)
  3 shadow wraiths
  19 deep elf knights
  A sixfirhy (Depths:5)
  10 hell knights
  A shadow demon (Depths:2)
  39 skeletal warriors
  A salamander mystic (Snake:4)
  16 sea snakes
  3 storm dragon skeletons
  2 iron trolls
  4 unseen horrors
  3 glowing orange brains
  2 infernal demonspawn (Orc:2)
  3 wizards
  28 deep trolls
  14 deep elf archers
  2 gelid demonspawn
  A torturous demonspawn (Orc:2)
  3 flayed ghosts
  An orange crystal statue (Vaults:2)
  4 bog bodies
  Pikel (D:9)
  13 naga ritualists
  16 ironbrand convokers
  20 harpies
  5 necromancers
  16 orc knights
  3 frost giant zombies
  9 mana vipers
  An anaconda skeleton (Crypt:3)
  3 wolf spiders
  A wolf spider zombie (Crypt:3)
  12 phantasmal warriors
  5 orc sorcerers (Orc:2)
  52 ugly things
  2 fire giant zombies
  9 fauns
  2 cyclopes (shapeshifter)
  62 deep elf magi
  A manticore (shapeshifter) (Depths:3)
  10 salamanders
  9 cyclopes
  8 elephants
  16 manticores
  2 moths of wrath (Zot:1)
  A moth of wrath (shapeshifter) (D:15)
  A stone giant zombie (Crypt:3)
  2 centaur zombies
  10 merfolk sirens
  7 smoke demons
  A torpor snail (Lair:6)
  3 guardian serpents
  23 black mambas
  A stone giant skeleton (Depths:2)
  3 rust devils
  2 fire giant skeletons
  2 frost giant skeletons (Crypt:3)
  26 naga magi
  A shock serpent skeleton (Crypt:3)
  3 guardian serpents (shapeshifter)
  9 water nymphs
  An orange demon (Orc:2)
  5 gargoyles
  18 vault sentinels
  Maggie (D:10)
  A black mamba (shapeshifter) (Depths:3)
  10 cane toads
  9 rime drakes
  4 komodo dragons
  29 yaktaurs
  5 freezing wraiths
  A yaktaur (shapeshifter) (Elf:1)
  3 tengu conjurers
  A red draconian skeleton (Crypt:2)
  A golden dragon simulacrum (Crypt:1)
  A hellwing (Depths:5)
  5 red devils
  A white draconian skeleton (Crypt:1)
  An ice devil (Depths:2)
  2 hydra zombies
  2 polar bears
  A grey draconian skeleton (Crypt:2)
  25 merfolk
  6 wind drakes
  A sea snake skeleton (Crypt:1)
  A hornet (shapeshifter) (Depths:1)
  A queen bee (shapeshifter) (Depths:2)
  8 trolls
  Prince Ribbit (D:9)
  Grinder (D:5)
  4 ettin zombies
  A jumping spider (Vaults:3)
  18 blink frogs
  10 dream sheep
  8 hornets
  A jumping spider zombie (Crypt:2)
  13 slime creatures
  A slime creature (shapeshifter) (Vaults:5)
  A hydra skeleton (Crypt:1)
  A dream sheep (shapeshifter) (Depths:3)
  14 snapping turtles
  32 water elementals
  A spriggan (Depths:2)
  2 spriggans (shapeshifter)
  6 vampires
  3 air elementals
  7 shadows
  20 wraiths
  9 wyverns
  An ettin skeleton (Crypt:3)
  A fire dragon skeleton (Crypt:3)
  Eustachio (D:5)
  A tarantella (Vaults:3)
  A redback (Vaults:3)
  Grum (D:10)
  9 basilisks
  5 fire elementals
  An alligator skeleton (Crypt:1)
  37 yaks
  2 chaos spawn
  2 neqoxecs
  7 vampire mosquitoes
  23 soldier ants
  2 wargs
  A warg (shapeshifter) (Vaults:2)
  16 water moccasins
  49 nagas
  4 acid dragons
  3 hell hounds (Elf:2)
  A deep troll zombie (Vaults:2)
  A floating eye (shapeshifter) (Vaults:3)
  A floating eye (Depths:4)
  3 black bears
  9 ice beasts
  4 sky beasts
  46 orc warriors
  A phantom (D:8)
  28 ogres
  3 necrophages
  9 boggarts
  2 eyes of draining
  A tengu (shapeshifter) (Vaults:1)
  A swamp dragon zombie (Crypt:3)
  A lindwurm skeleton (Crypt:2)
  13 wolves
  16 centaurs
  2 big kobolds
  2 human zombies
  21 bullfrogs
  A big kobold (shapeshifter) (Elf:1)
  9 gnoll sergeants
  An earth elemental (Elf:1)
  5 scorpions
  A scorpion (shapeshifter) (Depths:3)
  3 killer bees (D:10)
  8 wights
  5 electric eels
  3 howler monkeys
  A quasit (D:7)
  2 bullfrog zombies
  12 hounds
  11 jellies
  28 orc wizards
  6 centaur skeletons
  6 gnoll shamans (Bailey)
  48 orc priests
  2 bullfrog skeletons
  2 iguanas
  14 human skeletons
  Terence (D:3)
  10 hell rats
  34 worker ants
  Ijyb (D:5)
  A killer bee zombie (D:10)
  A hound zombie (D:7)
  An acid dragon skeleton (Crypt:1)
  2 hound skeletons
  2 worker ant zombies (D:5)
  21 gnolls
  7 adders
  3 river rats (D:9)
  3 shadow imps
  14 white imps
  3 ufetubi
  17 oozes
  A lava snake skeleton (Crypt:2)
  3 adder skeletons
  5 worms
  A barachi skeleton (Crypt:2)
  2 dart slugs
  5 leopard geckos
  147 orcs
  2 giant cockroaches
  12 goblins
  2 hobgoblins (D:1)
  17 jackals
  15 kobolds
  5 quokkas
  2 ball pythons
  5 bats
  6 frilled lizards
  A jackal skeleton (D:8)
  A leopard gecko skeleton (D:5)
  A leopard gecko zombie (D:9)
  4 rats
  A rat skeleton (Crypt:2)
  A river rat skeleton (Crypt:1)
  2 crawling corpses
2360 creatures vanquished.

Vanquished Creatures (collateral kills)
  A water nymph (Shoals:1)
  A merfolk (Shoals:4)
  A jumping spider (shapeshifter) (D:15)
  A killer bee (D:10)
4 creatures vanquished.

Vanquished Creatures (others)
  A draconian stormcaller (Depths:5)
  A green draconian (Zot:1)
  A naga warrior (Snake:4)
  A merfolk aquamancer (Shoals:4)
  A naga sharpshooter (Snake:2)
  5 deep elf magi
  A manticore (Shoals:4)
  A water nymph (Shoals:1)
  A naga mage (Snake:4)
  A merfolk (Shoals:1)
  A basilisk (Lair:4)
  3 nagas (Snake:4)
  A hell hound (Elf:2)
  2 killer bees (D:10)
  An orc priest (Elf:2)
  46 fungi
  314 plants
  43 withered plants
425 creatures vanquished.

Grand Total: 2789 creatures vanquished

Notes
Turn   | Place    | Note
-------+----------+-------------------------------------------
     0 | D:5      | marklar909 the Troll Delver began the quest for the Orb.
     0 | D:5      | Reached XP level 1. HP: 22/22 MP: 0/0
    70 | D:3      | Reached XP level 2. HP: 28/29 MP: 1/1
   355 | D:1      | Reached XP level 3. HP: 36/36 MP: 2/2
  1483 | D:3      | Noticed Terence
  1498 | D:3      | Killed Terence
  1499 | D:3      | Reached skill level 3 in Unarmed Combat
  1499 | D:3      | Reached XP level 4. HP: 26/45 MP: 3/3
  1773 | D:3      | Noticed a big kobold
  1782 | D:3      | Killed a big kobold
  1783 | D:3      | Reached skill level 4 in Unarmed Combat
  1783 | D:3      | Reached XP level 5. HP: 53/53 MP: 4/4
  2036 | D:3      | Found a bloodstained altar of Trog.
  2039 | D:3      | Found an opulent altar of Gozag.
  2042 | D:3      | Found an iron altar of Okawaru.
  2050 | D:3      | Reached XP level 6. HP: 61/61 MP: 5/5
  2564 | D:4      | Reached skill level 5 in Unarmed Combat
  2646 | D:4      | Found Turuel's Book Emporium.
  3042 | D:5      | Reached skill level 1 in Throwing
  3042 | D:5      | Reached XP level 7. HP: 62/68 MP: 6/6
  3091 | D:5      | Noticed Ijyb
  3107 | D:5      | Killed Ijyb
  3202 | D:5      | Noticed Eustachio
  3216 | D:5      | Killed Eustachio
  3217 | D:5      | Reached skill level 6 in Unarmed Combat
  3305 | D:5      | Found Moarphum's General Store.
  3310 | D:5      | Bought a potion of flight for 39 gold pieces
  3337 | D:5      | Reached XP level 8. HP: 61/78 MP: 7/7
  3692 | D:6      | Noticed Grinder
  4003 | D:5      | Killed Grinder
  4004 | D:5      | Reached skill level 5 in Dodging
  4186 | D:6      | Reached skill level 7 in Unarmed Combat
  4518 | D:6      | Reached XP level 9. HP: 85/85 MP: 8/8
  5190 | D:7      | Reached skill level 8 in Unarmed Combat
  5226 | D:7      | Found a hide-covered altar of Uskayaw.
  5389 | D:7      | Found a staircase to the Ecumenical Temple.
  6142 | D:8      | Reached skill level 5 in Fighting
  6148 | D:8      | Noticed a two-headed ogre
  6466 | Temple   | Entered the Ecumenical Temple
  6671 | Temple   | Became a worshipper of Qazlal Stormbringer
  6754 | D:8      | Reached skill level 5 in Throwing
  6974 | D:8      | Reached skill level 9 in Unarmed Combat
  6984 | D:8      | Reached * piety under Qazlal
  6995 | D:8      | Found a snail-covered altar of Cheibriados.
  7045 | D:8      | Reached XP level 10. HP: 93/96 MP: 9/9
  7317 | D:8      | Killed a two-headed ogre
  7318 | D:8      | Reached skill level 1 in Invocations
  7520 | D:9      | Noticed Erolcha
  7527 | D:9      | Killed Erolcha
  7534 | D:9      | Noticed Prince Ribbit
  7609 | D:9      | Killed Prince Ribbit
  7630 | D:9      | Noticed Gastronok
  7688 | D:10     | Entered Level 10 of the Dungeon
  7787 | D:10     | Noticed Grum
  7790 | D:10     | Reached ** piety under Qazlal
  7798 | D:10     | Killed Grum
  7809 | D:10     | Noticed Maggie
  7966 | D:9      | Noticed Pikel
  7974 | D:9      | Killed Pikel
  7983 | D:9      | Found Fabusine's Book Emporium.
  8233 | D:9      | Noticed a death yak
  8234 | D:9      | Found the +27 Lear's hauberk
  8236 | D:9      | Noticed a death yak
  8236 | D:9      | Noticed a death yak
  8261 | D:9      | Killed a death yak
  8262 | D:9      | Reached skill level 10 in Unarmed Combat
  8262 | D:9      | Reached XP level 11. HP: 92/105 MP: 1/12
  8323 | D:9      | Killed a death yak
  8361 | D:9      | Killed a death yak
  8560 | D:9      | Found a staircase to the Lair.
  8687 | D:9      | Found a shimmering altar of Xom.
  8687 | D:9      | Found a white marble altar of Elyvilon.
  8863 | D:9      | Found a burning altar of Makhleb.
  9120 | D:10     | Killed Maggie
  9171 | D:10     | Killed an unseen horror
  9620 | D:10     | Reached *** piety under Qazlal
 10089 | D:9      | Killed Gastronok
 10361 | Lair:1   | Entered Level 1 of the Lair of Beasts
 10666 | Lair:1   | Reached skill level 11 in Unarmed Combat
 10826 | Lair:1   | Found a frozen archway.
 10862 | IceCv    | Entered an ice cave
 10862 | IceCv    | Noticed a white ugly thing
 10891 | IceCv    | Found a transporter.
 10896 | IceCv    | Killed a white ugly thing
 10897 | IceCv    | Reached skill level 1 in Shields
 10915 | IceCv    | Reached XP level 12. HP: 29/115 MP: 3/14
 10939 | IceCv    | Reached skill level 1 in Evocations
 12759 | Lair:3   | Reached **** piety under Qazlal
 12760 | Lair:3   | Reached skill level 5 in Invocations
 13151 | Lair:3   | Noticed a six-headed hydra
 13186 | Lair:3   | Killed a six-headed hydra
 13954 | Lair:4   | Found a staircase to the Snake Pit.
 13964 | Lair:4   | Noticed a four-headed hydra
 13974 | Lair:4   | Killed a four-headed hydra
 14059 | Lair:4   | Reached skill level 12 in Unarmed Combat
 14659 | Lair:4   | Reached XP level 13. HP: 94/127 MP: 16/16
 14682 | Lair:4   | Reached ***** piety under Qazlal
 14931 | Lair:4   | Found a staircase to the Shoals.
 15873 | Lair:5   | Reached skill level 10 in Dodging
 16528 | Lair:6   | Entered Level 6 of the Lair of Beasts
 16719 | Lair:5   | Reached skill level 1 in Armour
 17034 | Lair:6   | Reached skill level 13 in Unarmed Combat
 17036 | Lair:6   | Reached skill level 10 in Throwing
 17124 | Lair:6   | Noticed an entropy weaver
 17137 | Lair:6   | Killed an entropy weaver
 17273 | Lair:6   | Reached XP level 14. HP: 137/137 MP: 18/18
 17284 | Lair:6   | Found a viscous altar of Jiyva.
 17287 | Lair:6   | Found a staircase to the Slime Pits.
 17311 | Lair:6   | Noticed an entropy weaver
 17327 | Lair:6   | Killed an entropy weaver
 18390 | Lair:6   | Reached ****** piety under Qazlal
 19109 | D:11     | Got a shimmering wooden ring
 19175 | D:11     | Found a gate leading to a gauntlet.
 19302 | D:11     | Found a staircase to the Orcish Mines.
 19433 | D:11     | Found a stormy altar of Qazlal.
 19579 | D:11     | Found a burning altar of Makhleb.
 19942 | D:11     | Identified the ring "Omaarygu" {rF+ rN+ Dex+3} (You found
                  | it on level 11 of the Dungeon)
 20015 | Orc:1    | Entered Level 1 of the Orcish Mines
 20173 | Orc:1    | Noticed Nergalle
 20181 | Orc:1    | Killed Nergalle
 20464 | Orc:2    | Entered Level 2 of the Orcish Mines
 20817 | Orc:2    | Found a staircase to the Elven Halls.
 20921 | Orc:2    | Found Bips's General Store.
 20927 | Orc:2    | Found Ahypaky's Distillery.
 20945 | Orc:2    | Reached XP level 15. HP: 144/146 MP: 19/19
 21357 | Orc:2    | Reached skill level 5 in Shields
 21422 | Orc:2    | Reached skill level 14 in Unarmed Combat
 21628 | Orc:2    | Found Xuody's Antique Armour Shoppe.
 21628 | Orc:2    | Found Sograq's Gadget Emporium.
 21629 | Orc:2    | Found a one-way gate leading to the halls of Pandemonium.
 22552 | D:13     | Found a gate to the Vaults.
 23283 | D:14     | Noticed Rupert
 23284 | D:14     | Paralysed by Rupert for 7 turns
 23428 | D:13     | Killed Rupert
 23545 | D:14     | Found a flagged portal.
 23556 | Bailey   | Entered a bailey
 23947 | D:14     | Found Yroog's Antique Armour Boutique.
 24303 | D:14     | Found a shimmering altar of Xom.
 24311 | D:14     | Found a shimmering altar of Xom.
 24312 | D:14     | Found a shimmering altar of Xom.
 24312 | D:14     | Found a shimmering altar of Xom.
 24313 | D:14     | Found a shimmering altar of Xom.
 24313 | D:14     | Found a shimmering altar of Xom.
 24314 | D:14     | Found a shimmering altar of Xom.
 24320 | D:14     | Found a shimmering altar of Xom.
 24321 | D:14     | Found a shimmering altar of Xom.
 24854 | D:15     | Entered Level 15 of the Dungeon
 24996 | D:15     | Reached XP level 16. HP: 104/156 MP: 21/21
 25672 | D:15     | Found a bloodstained altar of Trog.
 26116 | D:15     | Found a staircase to the Depths.
 26396 | Shoals:1 | Entered Level 1 of the Shoals
 26411 | Shoals:1 | Reached skill level 5 in Armour
 26712 | Shoals:1 | Noticed Nikola
 26761 | Shoals:1 | Killed Nikola
 27337 | Shoals:2 | Noticed Donald
 27480 | Shoals:1 | Killed Donald
 27483 | Shoals:2 | Noticed Polyphemus
 28079 | Shoals:2 | Reached skill level 10 in Fighting
 28092 | Shoals:2 | Killed Polyphemus
 28947 | Shoals:3 | Reached XP level 17. HP: 147/166 MP: 22/22
 29296 | Shoals:3 | Reached skill level 15 in Unarmed Combat
 29490 | Shoals:3 | Found the +8 trident of the Octopus King {venom, rElec
                  | rPois MR+}
 29726 | Shoals:4 | Entered Level 4 of the Shoals
 29928 | Shoals:4 | Noticed Ilsuiw
 30254 | Shoals:4 | Killed Ilsuiw
 31491 | Shoals:4 | Reached skill level 10 in Shields
 31998 | Shoals:4 | Found Vetufud's Gadget Emporium.
 32156 | Shoals:4 | Got a barnacled rune of Zot
 32157 | Shoals:4 | Found Dymizit's Antique Weapon Shop.
 32215 | Shoals:4 | Found Uwid's Antique Weapon Shoppe.
 32656 | Snake:1  | Entered Level 1 of the Snake Pit
 32674 | Snake:1  | Reached skill level 10 in Invocations
 33016 | Snake:1  | Found Jaoffosh's Armour Boutique.
 33024 | Snake:1  | Bought a +2 kite shield of protection for 387 gold pieces
 33441 | Snake:2  | Found Wuizuyzoyd's Distillery.
 33445 | Snake:2  | Found Cibroewo's Antique Armour Shop.
 33446 | Snake:2  | Found Vitoin's Assorted Antiques.
 33737 | Snake:2  | Reached XP level 18. HP: 147/176 MP: 24/24
 34001 | Snake:2  | Found Erhus's Gadget Emporium.
 35759 | Snake:4  | Entered Level 4 of the Snake Pit
 35912 | Snake:4  | Noticed Mara
 35966 | Snake:3  | Noticed marklar909's illusion
 35970 | Snake:3  | Killed Mara
 36243 | Snake:4  | Found a runed translucent door.
 36269 | Snake:4  | Noticed Roxanne
 36592 | Snake:4  | Reached skill level 16 in Unarmed Combat
 36830 | Snake:4  | Reached XP level 19. HP: 98/187 MP: 18/26
 37118 | Snake:4  | Noticed ThatOtherGuy53's ghost (adept HOMo)
 37286 | Snake:4  | Got a serpentine rune of Zot
 37625 | Snake:4  | Killed Roxanne
 37720 | Snake:4  | Killed ThatOtherGuy53's ghost
 38357 | Elf:1    | Entered Level 1 of the Elven Halls
 39109 | Elf:1    | Found a sparkling altar of Nemelex Xobeh.
 39409 | Elf:2    | Noticed a Brimstone Fiend
 39732 | Elf:2    | HP: 5/188 [deep elf mage/bolt of lightning (31)]
 40053 | Elf:2    | Found a ruined gateway.
 40275 | Elf:2    | Noticed Azrael
 40285 | Elf:2    | Killed Azrael
 40394 | Elf:2    | Found a glowing golden altar of the Shining One.
 40394 | Elf:2    | Found a glowing silver altar of Zin.
 40394 | Elf:2    | Found a white marble altar of Elyvilon.
 40663 | Elf:2    | Found a huge runed translucent gate.
 40663 | Elf:2    | Found a huge runed translucent gate.
 40664 | Elf:2    | Found a huge runed translucent gate.
 40665 | Elf:2    | Found a huge runed translucent gate.
 40670 | Elf:2    | Found a huge runed translucent gate.
 40891 | Elf:2    | Reached XP level 20. HP: 197/197 MP: 27/27
 41398 | Elf:2    | Learned a level 6 spell: Statue Form
 41406 | Elf:2    | Learned a level 7 spell: Dragon Form
 41429 | Elf:3    | Entered Level 3 of the Elven Halls
 41581 | Elf:3    | Reached skill level 17 in Unarmed Combat
 41694 | Elf:3    | Reached skill level 1 in Transmutations
 42143 | Elf:3    | Reached skill level 1 in Earth Magic
 42305 | Elf:3    | Reached skill level 1 in Spellcasting
 43111 | Elf:3    | Identified the +6 long sword of Qazlal's Vengeance {holy,
                  | rElec}
 43111 | Elf:3    | Identified the +2 fire dragon scales "Tuasym" {rF++ rC- MR+
                  | rCorr Slay+4 SInv}
 43380 | Elf:3    | Identified the cursed +2 long sword of the Madman {venom,
                  | rC+}
 43424 | Elf:3    | Identified the +6 rapier of Deask {venom, rC++ Dex+5}
 43453 | Elf:3    | Identified the Reference Book on Blistering Toxins
 43463 | Elf:3    | Identified Jykod's Collected Works on Harmful Fire
 43633 | Elf:3    | Got crude quicksilver dragon scales
 43634 | Elf:3    | Identified a scroll of acquirement
 43634 | Elf:3    | Acquired an uncursed amulet of guardian spirit
 43640 | Elf:3    | Identified the quicksilver dragon scales of Usaunom {+Blink
                  | MR+ Regen+} (You found it on level 3 of the Elven Halls)
 44091 | Vaults:1 | Entered Level 1 of the Vaults
 44312 | Vaults:1 | Found Beokhanka's Book Shoppe.
 45224 | Vaults:2 | Found a gateway to a bazaar.
 45306 | Bazaar   | Entered a bazaar
 45314 | Bazaar   | Found Xocius's Gadget Shop.
 45314 | Bazaar   | Found Ene Peaz's Antique Armour Shop.
 45423 | Vaults:2 | Reached XP level 21. HP: 206/206 MP: 29/29
 47168 | Vaults:3 | Found a staircase to the Crypt.
 47249 | Vaults:3 | Reached skill level 18 in Unarmed Combat
 48500 | Vaults:3 | Reached XP level 22. HP: 201/217 MP: 30/30
 50389 | Depths:1 | Entered Level 1 of the Depths
 50923 | Depths:1 | Found Ofoyhecri's Magic Scroll Shoppe.
 50985 | Depths:1 | Bought a scroll of teleportation for 69 gold pieces
 50985 | Depths:1 | Bought a scroll of identify for 46 gold pieces
 50985 | Depths:1 | Bought a scroll of identify for 46 gold pieces
 50985 | Depths:1 | Bought a scroll of teleportation for 69 gold pieces
 51042 | Depths:1 | Found a gateway to Hell.
 51222 | Depths:1 | Found a one-way gate to the infinite horrors of the Abyss.
 51312 | Depths:1 | Found Xuvitz's Antique Weapon Emporium.
 51702 | Depths:2 | Reached skill level 15 in Shields
 51713 | Depths:2 | Noticed Bai Suzhen
 51746 | Depths:2 | Killed Bai Suzhen
 51935 | Depths:2 | Noticed Sojobo
 51957 | Depths:2 | Killed Sojobo
 52143 | Depths:2 | Found a gateway to a ziggurat.
 52144 | Depths:2 | Noticed the Enchantress
 52161 | Depths:2 | Killed the Enchantress
 52168 | Depths:2 | Reached skill level 19 in Unarmed Combat
 52315 | Depths:2 | Found a transporter.
 52315 | Depths:2 | Noticed a juggernaut
 52455 | Depths:2 | Noticed a caustic shrike
 52456 | Depths:2 | Noticed Saint Roka
 52474 | Depths:2 | Found a transporter.
 52596 | Depths:2 | Got a fine glass ring
 53120 | Depths:3 | Reached XP level 23. HP: 126/227 MP: 32/32
 54323 | Depths:3 | Identified the Collected Works on the Floating Rocks
 55441 | Depths:4 | Reached skill level 15 in Throwing
 56184 | Depths:4 | Paralysed by a floating eye for 2 turns
 56651 | Depths:5 | Entered Level 5 of the Depths
 56694 | Depths:5 | Reached skill level 20 in Unarmed Combat
 56721 | Depths:5 | Reached XP level 24. HP: 139/239 MP: 32/32
 57542 | Depths:5 | Found a gate to the Realm of Zot.
 58154 | Depths:5 | Acquired a book of Alchemy
 58159 | Depths:5 | Acquired 1003 gold pieces
 58163 | Depths:5 | Identified the ring "Ysosefud" {rF+ Str+4} (You found it on
                  | level 2 of the Depths)
 58500 | Crypt:1  | Entered Level 1 of the Crypt
 58554 | Crypt:1  | Paralysed by a vampire knight for 2 turns
 59904 | Crypt:3  | Entered Level 3 of the Crypt
 60103 | Crypt:3  | Noticed Mennas
 60147 | Crypt:3  | Killed Mennas
 60148 | Crypt:3  | Reached skill level 10 in Armour
 60352 | Crypt:3  | Identified the amulet "Mimoleec" {Reflect Fragile rN+++
                  | Dex+8 SH+5 Stlth-}
 60475 | Crypt:3  | Noticed Jory
 60507 | Crypt:3  | Killed Jory
 60532 | Crypt:3  | Reached XP level 25. HP: 209/250 MP: 33/33
 60652 | Crypt:3  | Found a staircase to the Tomb.
 60661 | Crypt:3  | Noticed an ancient lich
 60677 | Crypt:3  | Killed an ancient lich
 61207 | Crypt:3  | Noticed an ancient lich
 61219 | Crypt:3  | Killed an ancient lich
 61219 | Crypt:3  | Noticed an ancient lich
 61235 | Crypt:3  | Killed an ancient lich
 61302 | Crypt:3  | Found an ancient bone altar of Kikubaaqudgha.
 61382 | Crypt:3  | Got a scintillating ruby amulet
 61384 | Crypt:3  | Got a warped iron ring
 61740 | Crypt:3  | Identified the amulet "Sotsaarus" {Reflect Dex+2 SH+5} (You
                  | found it on level 3 of the Crypt)
 61746 | Crypt:3  | Identified the ring of Ranlu {rElec rC- Int+6 SInv Stlth+}
                  | (You found it on level 3 of the Crypt)
 62849 | Vaults:5 | Entered Level 5 of the Vaults
 62858 | Vaults:5 | Reached skill level 21 in Unarmed Combat
 62858 | Vaults:5 | Reached skill level 15 in Invocations
 63108 | Vaults:5 | Reached skill level 15 in Fighting
 63330 | Vaults:5 | Reached XP level 26. HP: 204/262 MP: 33/33
 63843 | Vaults:5 | Got a silver rune of Zot
 64401 | Vaults:5 | Got a buzzing hat
 64405 | Vaults:5 | Identified the +1 hat "Fumo" {*Corrode rPois rC- MR++} (You
                  | found it on level 5 of the Vaults)
 65008 | Zot:1    | Entered Level 1 of the Realm of Zot
 65136 | Zot:1    | Killed from afar by a white draconian

Illustrated notes

Levels and vault maps discovered:
D:1:      psy_arrival_dodecagon, layout_loops_ring, kennysheep_crisscross
D:2:      layout_loops_corners
D:3:      layout_loops_ring, grunt_temple_overflow_diamond, uniq_terence
D:4:      layout_cave_pools, serial_shops, kennysheep_mini_moat,
          minmay_misc_feat_cross
D:5:      layout_basic, serial_shops, kennysheep_little_box, st_stairs_5,
          uniq_ijyb, uniq_eustachio
D:6:      layout_basic, kennysheep_pointless_box, grunt_ministairs_8,
          uniq_grinder
D:7:      layout_layer_cave, eat_drink_and_be_merry_uskayaw,
          minmay_temple_entry_stoned_glass
D:8:      layout_basic, lemuel_coloured_pillars_altar
D:9:      layout_layer_cave, lemuel_crystal_altar,
          gammafunk_temple_overflow_wave, dpeg_lair_monsters, serial_shops,
          nicolae_shop_trees, uniq_erolcha, uniq_pikel, uniq_gastronok,
          uniq_prince_ribbit1
D:10:     layout_roguey, minmay_diced_spiral, uniq_maggie, uniq_grum
D:11:     minmay_ambush_box, layout_basic, hiddenorc2_lemuel, basic_altar,
          gauntlet_entry_generic, minmay_holes, nicolae_qazlal_eye_of_the_storm
D:12:     layout_roguey, uniq_fannar
D:13:     layout_cave_pods, lightli_vaults_fourway_checkpoint
D:14:     layout_layer_cave, enter_bailey_4, serial_shops, shop,
          xom_redecorated, uniq_rupert
D:15:     grunt_enter_depths_hoard, layout_layer_cave,
          hangedman_abyss_or_decor_clamps, basic_altar,
          chequers_serial_rivers_micro_e
Temple:   eino_temple_water
Lair:1:   statuecave_lemuel, layout_chaotic_city, portal_ice_cave_entry_imps,
          chequers_serial_rivers_micro_e
Lair:2:   lemuel_slime, layout_hall_layers
Lair:3:   layout_layer_cave, beast_lair_carwin_3, serial_bayou_shore_b
Lair:4:   layout_roguey [special_room_mythical_zoo], shoals_dummy_entry,
          guppyfry_snake_entry_island, serial_bayou_shore_a, grunt_megastairs_1
Lair:5:   layout_cave_pods, lemuel_fruit_tree, grunt_megastairs_4,
          serial_bayou_shore_b, infiniplex_staircase_pool,
          minmay_lair_oklob_chamber, lemuel_fruit_fields
Lair:6:   evilmike_catoblepas_cave, layout_misc_corridors, slime_altar_1,
          zaba_anthell
Shoals:1: layout_shoals, uniq_nikola
Shoals:2: layout_shoals, uniq_polyphemus, uniq_donald
Shoals:3: layout_shoals, nicolae_shoals_circle_sea_wall,
          nicolae_shoals_water_elemental_grotto
Shoals:4: shoals_end_grunt_garden, layout_shoals, shoal_ilsuiw, serial_shops,
          bzr_entry_customers, shop, nicolae_shop_crystal, shop_fountains,
          nicolae_shoals_mertower
Snake:1:  layout_grid_shapes, serial_shops,
          nicolae_shop_temple_entry_statues_fountains
Snake:2:  layout_honeycomb, serial_shops, shop_fountains, grunt_megastairs_2,
          minmay_shop_star
Snake:3:  layout_basic, serial_bayou, serial_bayou_crossing,
          serial_bayou_shore_b, serial_bayou_pond_b, serial_bayou_lagoon_a
Snake:4:  snake_pit, layout_onion, gammafunk_ghost_grave, uniq_roxanne,
          uniq_mara
Orc:1:    layout_caves, uniq_nergalle
Orc:2:    pf_orc_diabolical, layout_caves
Elf:1:    layout_geoelf_octagon, minivault_28, nemelex_altar_shiori
Elf:2:    layout_rooms, special_room [special_room_orc],
          portal_desolation_entry_holy_temple, uniq_azrael
Elf:3:    grunt_elf_hall_asides, layout_loops_cross
Vaults:1: ontoclasm_vaults_ring_square, ontoclasm_vaults_hangar,
          hangedman_vaults_stagger, hangedman_vaults_snaps,
          vaults_room_grunt_arrival_checkpoint, grunt_vaults_bifocal,
          ontoclasm_vaults_loading_screen, v_pattern_1,
          ontoclasm_vaults_ring_small, dpeg_vaults_monster_row,
          ontoclasm_vaults_tryst, nicolae_vaults_specimen_jars,
          vaults_dpeg_ring, layout_vaults_omnibox, serial_shops, shop
Vaults:2: hangedman_vaults_slice, hangedman_vaults_stream,
          ontoclasm_vaults_loading_screen, nicolae_vaults_three_branches,
          nicolae_vaults_big_angled_halls, v_alt_pattern_1, v_misc_32,
          nicolae_vaults_meeting, layout_vaults_quadrants, serial_shops,
          statue_bzr
Vaults:3: nicolae_vaults_network_periphery, nicolae_vaults_puzzle_piece,
          nicolae_vaults_minivaults, v_misc_16, ontoclasm_vaults_ligature,
          nicolae_vaults_border_crossing, vaults_mumra_lcd,
          dpeg_vaults_monster_box, hangedman_vaults_nails,
          layout_vaults_big_room, minmay_crypt_entry_simple_corners,
          lightli_enter_wizlab_magi_temple
Vaults:4: kb_rosetta, v_misc_2, nicolae_vaults_ninety_degrees,
          nicolae_vaults_alarming, nicolae_vaults_hallways_thing, v_misc_12,
          hangedman_vaults_pinch, hangedman_vaults_cutoff,
          ontoclasm_vaults_decontamination, layout_vaults_omnicross
Vaults:5
Crypt:1:  layout_gridlike
Crypt:2:  layout_gridlike
Crypt:3:  quadcrypt_mu, uniq_margery, uniq_mennas, uniq_jory
Depths:1: layout_twisted_cross, chequers_hall_statues_wall_a, serial_shops,
          shop, shop_fountains, pf_coc_iceberg, abyss_entry,
          chequers_serial_rivers_large_b, drop_trap,
          chequers_serial_rivers_micro_a, minmay_misc_feat_more_columns,
          kennysheep_another_room, chequers_serial_rivers_micro_e,
          minmay_mirror_moons_of_madness
Depths:2: gammafunk_sealed_arena, layout_honeycomb, enter_ziggurat_b,
          nicolae_benzene_ring, pf_hell_entry_great_geh, rand_demon_pan_entry_9,
          minmay_misc_feat_chi, uniq_enchantress, uniq_sojobo, uniq_bai_suzhen,
          uniq_saint_roka
Depths:3: kennysheep_snake, layout_cave_pools, rand_demon_pan_entry_4,
          serial_column_ruins, column_ruins_hut_ruined, column_ruins_grid_1,
          column_ruins_open_small, column_ruins_open_tiny,
          column_ruins_open_medium, column_ruins_grid_1,
          column_ruins_open_large, abyss_entry, grunt_hell_entry_dis_old,
          infiniplex_staircase_river, serial_bayou_shore_b
Depths:4: kennysheep_ogre_elephant_herders, layout_gridville, abyss_entry,
          serial_rivers, chequers_serial_rivers_small_b,
          chequers_serial_rivers_small_3, chequers_serial_rivers_room_b,
          chequers_serial_rivers_micro_c, chequers_serial_rivers_micro_e,
          hell_entry, minivault_14
Depths:5: evilmike_zot_entry_argh, layout_basic, minmay_misc_feat_diagonals,
          hell_entry, abyss_entry, rand_demon_pan_entry_1,
          nicolae_lava_and_water, serial_bayou_shore_b
Zot:1:    gammafunk_its_a_trap, layout_basic, st_single_dragon_hoard_3

Skill      XL: |  1  2  3  4  5  6  7  8  9 10 11 12 13 14 15 16 17 18 19 20 21 22 23 24 25 26 |
---------------+-------------------------------------------------------------------------------+-----
Dodging        | 2 3 4 5 6 7 8 9 10 11 12 13 14 | 14.5
Fighting       | 3 4 5 6 7 8 9 10 11 12 13 14 15 | 15.4
Unarmed Combat | 3 4 5 6 7 9 10 11 12 13 14 15 16 17 18 19 20 21 | 21.5
Throwing       | 1 2 4 5 7 8 9 10 11 12 13 14 15 16 17 | 17.6
Invocations    | 3 4 5 6 7 8 9 10 11 12 13 14 15 | 15.6
Shields        | 1 2 4 6 8 10 12 13 14 15 16 17 | 17.2
Evocations     | 1 |  1.4
Armour         | 2 3 4 5 6 8 9 10 11 | 11.2
Transmutations | 3 4 |  4.3
Earth Magic    | 3 4 |  4.6
Spellcasting   | 2 |  2.2
Stealth        | |  2.8

Action                   |  1- 3 |  4- 6 |  7- 9 | 10-12 | 13-15 | 16-18 | 19-21 | 22-24 | 25-27 || total
-------------------------+-------+-------+-------+-------+-------+-------+-------+-------+-------++-------
Melee: Unarmed           |    99 |   170 |   372 |   603 |  1263 |  1370 |  1618 |  1466 |   273 ||  7234
       Punch             |     1 |     5 |    20 |    35 |    41 |       |       |       |       ||   102
Throw: Boomerang         |       |     1 |    57 |   101 |   265 |   276 |       |       |       ||   700
       Javelin           |       |       |       |       |    14 |    63 |   205 |   264 |   103 ||   649
       Large rock        |       |       |       |       |    10 |       |    59 |   152 |     7 ||   228
Invok: Upheaval          |       |       |       |     6 |     9 |    33 |     7 |    11 |     3 ||    69
       Elemental Force   |       |       |       |       |       |     5 |       |     1 |       ||     6
       Disaster Area     |       |       |       |       |       |     2 |     7 |     7 |     4 ||    20
Evoke: Wand              |       |       |     1 |    15 |     3 |     5 |     3 |       |       ||    27
       Condenser vane    |       |       |       |     1 |     2 |     2 |     1 |     1 |       ||     7
  Use: Scroll            |     6 |     2 |     3 |     8 |    13 |     7 |    12 |    10 |    14 ||    75
       Potion            |       |       |     4 |     4 |     3 |     4 |     4 |     3 |     6 ||    28
 Stab: Sleeping          |     4 |     3 |     8 |       |       |       |       |       |       ||    15
       Held in net/web   |       |       |       |       |     3 |       |       |       |       ||     3
       Confused          |       |       |       |       |       |     4 |       |     1 |       ||     5
       Petrified         |       |       |       |       |       |     3 |       |       |       ||     3
       Distracted        |       |       |       |       |       |       |     1 |     1 |       ||     2
Armor: Robe              |    22 |    81 |    89 |    42 |       |       |    70 |       |       ||   304
       Steam dragon scal |       |       |       |   144 |   132 |       |       |       |       ||   276
       Troll leather arm |       |       |       |       |    48 |   147 |     3 |       |       ||   198
       Fire dragon scale |       |       |       |       |       |       |    80 |   247 |    81 ||   408
Dodge: Dodged            |    35 |   110 |   228 |   444 |   674 |   746 |   355 |   350 |   140 ||  3082
       Repelled          |       |       |       |     2 |    10 |    52 |    14 |    12 |     5 ||    95
Block: Other             |       |       |     1 |   100 |   164 |       |       |       |       ||   265
       Kite shield       |       |       |       |       |   816 |  1802 |  1505 |  1540 |   459 ||  6122
       Reflection        |       |       |       |       |    43 |   245 |   141 |    83 |    33 ||   545

Table legend: (Time is in decaauts)
 A = Elapsed time spent in this place.
 B = Non-inter-level travel time spent in this place.
 C = Inter-level travel time spent in this place.
 D = Time resting spent in this place.
 E = Time spent auto-exploring this place.
 F = Levels seen in this place.
 G = Mean time per level.
                   A        B        C        D        E       F      G
               +--------+--------+--------+--------+--------+-----+--------+
         Total |  63672 |  57003 |   6669 |   7061 |  36787 |  52 | 1224.5 |
       Dungeon |  17532 |  14823 |   2709 |   1456 |  10179 |  15 | 1168.8 |
        Temple |    222 |    178 |     44 |      0 |    177 |   1 |  222.0 |
          Lair |   8333 |   7736 |    597 |   1297 |   4891 |   6 | 1388.8 |
        Shoals |   6338 |   5655 |    683 |   1659 |   2519 |   4 | 1584.5 |
     Snake Pit |   5006 |   4727 |    279 |    478 |   3184 |   4 | 1251.5 |
  Orcish Mines |   2030 |   1778 |    252 |    286 |    926 |   2 | 1015.0 |
   Elven Halls |   4974 |   4613 |    361 |    646 |   2680 |   3 | 1658.0 |
        Vaults |   8063 |   6778 |   1285 |    497 |   4774 |   5 | 1612.6 |
         Crypt |   3094 |   3025 |     69 |      7 |   2235 |   3 | 1031.3 |
        Depths |   7351 |   6966 |    385 |    603 |   4996 |   5 | 1470.2 |
           Zot |     89 |     89 |      0 |      0 |      8 |   1 |   89.0 |
        Bazaar |     49 |     49 |      0 |      0 |     39 |   1 |   49.0 |
        Bailey |    296 |    296 |      0 |      0 |    177 |   1 |  296.0 |
      Ice Cave |    288 |    288 |      0 |    129 |      0 |   1 |  288.0 |
               +--------+--------+--------+--------+--------+-----+--------+

Top non-repeatable levels by time:
Shoals:3: 2665 daAuts
     D:9: 2256 daAuts
   Elf:3: 2256 daAuts
Depths:3: 2248 daAuts
Vaults:2: 2067 daAuts
    D:15: 1824 daAuts
Vaults:4: 1818 daAuts
  Lair:6: 1777 daAuts
 Crypt:3: 1771 daAuts
  Lair:3: 1767 daAuts
   Elf:2: 1766 daAuts
 Snake:4: 1569 daAuts
    D:10: 1568 daAuts
Vaults:1: 1563 daAuts
Depths:4: 1519 daAuts
